 Dungeon Crawl Stone Soup version 0.22-a0-271-gc000056 (webtiles) character file.

40 RoseArtemis the Skirmisher (level 3, -1/33 HPs)
             Began as a Minotaur Fighter on Mar 10, 2018.
             Slain by Sigmund
             ... wielding a +0 scythe
              (2 damage)
             ... on level 2 of the Dungeon.
             The game lasted 00:01:32 (991 turns).

RoseArtemis the Skirmisher (Minotaur Fighter)        Turns: 991, Time: 00:01:32

Health: -1/33      AC:  7    Str: 26    XL:     3   Next: 30%
Magic:  2/2        EV:  7    Int:  5    God:
Gold:   79         SH:  0    Dex:  9    Spells: 2/2 levels left

rFire    . . .     SeeInvis .   a - +0 war axe
rCold    . . .     Gourm    .   c - +0 shield
rNeg     . . .     Faith    .   b - +0 scale mail
rPois    .         Spirit   .   (helmet restricted)
rElec    .         Reflect  .   (no cloak)
rCorr    .         Harm     .   (no gloves)
MR       .....                  (no boots)
Stlth    ..........             (no amulet)
HPRegen  0.11/turn              (no ring)
MPRegen  0.08/turn              (no ring)

@: confused, mighty
A: retaliatory headbutt, horns 2
a: no special abilities


You were on level 2 of the Dungeon.
You were not hungry.

You visited 1 branch of the dungeon, and saw 2 of its levels.

You collected 79 gold pieces.

Inventory:

Hand Weapons
 a - a +0 war axe (weapon)
Armour
 b - a +0 scale mail (worn)
 c - a +0 shield (worn)
Scrolls
 e - 3 scrolls of identify
 i - a scroll of enchant armour {unknown}
 j - a scroll of blinking {unknown}
 k - 2 scrolls of teleportation {unknown}
Potions
 h - a potion of flight
Comestibles
 f - 2 rations
 g - a chunk of flesh


   Skills:
 + Level 4.0 Fighting
 * Level 3.5 Axes
 + Level 4.0 Armour
 + Level 4.0 Shields


You had 2 spell levels left.
You didn't know any spells.

Dungeon Overview and Level Annotations

Branches:
Dungeon (2/15)

Altars:

Annotations:
D:2 Sigmund


Innate Abilities, Weirdness & Mutations

You reflexively headbutt those who attack you in melee.
You have a pair of horns on your head.


Message History

You are more confused.
The kobold hits you but does no damage.
The kobold throws a stone.
The stone hits you but does no damage.
You hear some strange, mumbled words.
A magic dart appears from out of thin air!
The magic dart hits you!
You bump into the rock wall.
The kobold hits you but does no damage.
The kobold throws a stone.
The stone hits you but does no damage. Something hits you.
You feel very mighty all of a sudden. The kobold hits you but does no damage.
You barely miss something. Your headbutt misses something.
You slash the kobold!
You kill the kobold!
Something hits you!
* * * LOW HITPOINT WARNING * * *
You hear some strange, mumbled words.
Something tries to affect you, but you resist.
Something hits you.
You die...

... .. ..## #. .... #
#. #..###.# #. #.....
#. #...# ### #.##...#
..# ...###.#....# #.#
......)(@.#.# #.#
......{##.#.# #.#
.....K. #.#.# #.#
....... #.#.#####.#
.......##.#.##.##.#
...............##.#
#.#####.#.#.##.##.###
#. #.#...##......# #
#########.#.#


You could see a kobold.

Vanquished Creatures
  An adder (D:2)
  An ooze (D:1)
  A dart slug (D:1)
  3 giant cockroaches (D:1)
  7 goblins
  3 hobgoblins
  4 kobolds
  3 bats (D:1)
23 creatures vanquished.

Notes
Turn   | Place    | Note
-------+----------+-------------------------------------------
     0 | D:1      | RoseArtemis the Minotaur Fighter began the quest for the Orb.
     0 | D:1      | Reached XP level 1. HP: 19/19 MP: 0/0
   192 | D:1      | Reached XP level 2. HP: 18/27 MP: 1/1
   775 | D:2      | Reached XP level 3. HP: 20/33 MP: 2/2
   972 | D:2      | Noticed Sigmund
   989 | D:2      | HP: 1/33 [something (10)]
   991 | D:2      | Slain by Sigmund

Vault maps used:
D:1:      wheals_arrival_shading
D:2:      minmay_door_path, nicolae_ru_awakened_eye, first_ration,
          nrook_mini_vaults, uniq_sigmund, uniq_crazy_yiuf_cottage

Skill      XL: |  1  2 |
---------------+-------+-----
Axes           | 3 |  3.5
Fighting       | 4 |  4.0
Armour         | 4 |  4.0
Shields        | 4 |  4.0

Action                   || total
-------------------------++-------
Melee: War axe           ||    65
       Headbutt          ||     9
  Use: Scroll            ||     1
       Potion            ||     1
Armor: Scale mail        ||    34
Dodge: Dodged            ||    22
Block: Shield            ||    36

Table legend:
 A = Spawn XP
 B = Non-spawn XP
 C = Spawn XP percentage of total XP
 D = Spawn monster count
 E = Non-spawn monster count
 F = Spawn count percentage of total count
 G = Total turns spent on level
                    A         B        C        D         E        F      G
               +---------+---------+-------+---------+---------+-------+---------
         Total |       0 |      58 |   0.0 |       0 |      23 |   0.0 |   991
               +---------+---------+-------+---------+---------+-------+---------
           D:1 |       0 |      38 |   0.0 |       0 |      18 |   0.0 |   748
           D:2 |       0 |      20 |   0.0 |       0 |       5 |   0.0 |   243
               +---------+---------+-------+---------+---------+-------+---------
